 Dungeon Crawl Stone Soup version 0.31-a0-198-g2ad674f65e (webtiles) character file.

Game seed: 3205735864588750588

32 qw the Shooter (level 3, -1/20 HPs)
             Began as a Deep Elf Hunter on June 25, 2023.
             Succumbed to a scorpion's poison
             ... on level 3 of the Dungeon.
             The game lasted 00:00:32 (1501 turns).

qw the Shooter (Deep Elf Hunter)                    Turns: 1501, Time: 00:00:32

Health: -1/20      AC:  7    Str: 10    XL:     3   Next: 8%
Magic:  5/5        EV: 11    Int: 13    God:
Gold:   80         SH:  0    Dex: 18    Spells: 2/2 levels left

rFire   . . .        Y - +0 shortbow
rCold   . . .        (shield currently unavailable)
rNeg    . . .        d - +0 ring mail
rPois   .            a - +0 helmet
rElec   .            e - +0 cloak
rCorr   .            (no gloves)
SInv    .            (no boots)
Will    .....        f - amulet of faith
Stlth   +            (no ring)
HPRegen 0.23/turn    (no ring)
MPRegen 0.09/turn

%: faith
@: lethally poisoned (-1 -> -13)
A: no striking features
a: no special abilities


You were on level 3 of the Dungeon.
You visited 1 branch of the dungeon, and saw 3 of its levels.

You collected 80 gold pieces.


   Skills:
 - Level 1.5 Fighting
 + Level 6.7 Ranged Weapons
 - Level 2.4 Dodging
 - Level 1.2 Stealth


You had 2 spell levels left.
You didn't know any spells.
Your spell library was empty.

Inventory:

Hand Weapons
 Y - a +0 shortbow (weapon)
Armour
 a - a +0 helmet (worn)
 d - a +0 ring mail (worn)
 e - a +0 cloak (worn)
Jewellery
 f - an amulet of faith (around neck)
Potions
 j - a potion of cancellation {unknown}

Dungeon Overview and Level Annotations

Branches:
Dungeon (3/15)

Altars:
Makhleb


Message History

1466 ||| FLEEEEING.
1467 ||| FLEEEEING.
1468 ||| FLEEEEING.
The dart slug launches a dart at you. The slug dart misses you.
1469 ||| FLEEEEING.
There is a stone staircase leading up here.
1470 ||| STAIRDANCE You climb upwards.
There is a stone staircase leading down here.
You start resting.
HP restored.
Done exploring.
(D) Dungeon
Where to? (* - list waypoints, Enter - D:3, ? - help)
What level of the Dungeon? (default 1, ? - help)
You climb downwards.
The hobgoblin hits you but does no damage.
The hobgoblin misses you.
There is a stone staircase leading up here.
You shoot an arrow. The arrow hits the hobgoblin!
You kill the hobgoblin!
You see here a +0 plate armour.
You open the door.
A scorpion comes into view.
Found a stone staircase leading down.
You shoot an arrow.
The arrow completely misses the scorpion.
You shoot an arrow.
The arrow completely misses the scorpion.
You shoot an arrow. The arrow hits the scorpion.
The scorpion is lightly wounded.
The scorpion stings you.
You shoot an arrow. The arrow closely misses the scorpion.
The scorpion stings you. x2
You are lethally poisoned!
The scorpion poisons you!
You shoot an arrow. The arrow hits the scorpion.
The scorpion is heavily wounded.
You die...

..#.... ..#....
....... .......
#..# ..... ..# >..
..# #s#### ..####
#.@..# ##.....
###.## ......
#...##########.....
#...[..............
#...........##....)
##......<....#.....
#......%..%.....##
#...............#
#...............#


You could see a scorpion.

Vanquished Creatures
  A worm (D:2)
  An orc (D:3)
  4 endoplasms
  A giant cockroach (D:1)
  4 hobgoblins
  3 kobolds
  6 ball pythons
  3 bats
  A frilled lizard (D:2)
  A goblin (D:1)
  2 rats (D:2)
27 creatures vanquished.

Notes
Turn   | Place    | Note
-------+----------+-------------------------------------------
     0 | D:1      | qw the Deep Elf Hunter began the quest for the Orb.
     0 | D:1      | Reached XP level 1. HP: 12/12 MP: 3/3
     0 | D:1      | 0 ||| qw: Version: 0.3-a-22-g0ed2b0b
     0 | D:1      | 0 ||| qw: Game counter: 5200
     0 | D:1      | 0 ||| qw: Melee chars always use a shield: true
     0 | D:1      | 0 ||| qw: God list: Okawaru
     0 | D:1      | 0 ||| qw: Allow faded altars: false
     0 | D:1      | 0 ||| qw: Do Orc after clearing Dungeon:15 true
     0 | D:1      | 0 ||| qw: Do second Lair branch before Depths: true
     0 | D:1      | 0 ||| qw: Lair rune preference: random
     0 | D:1      | 0 ||| qw: Goals: Normal
     0 | D:1      | 0 ||| PLANNING D:1-11
   220 | D:1      | Reached XP level 2. HP: 16/16 MP: 4/4
   518 | D:1      | 518 ||| UPGRADING to +0 ring mail.
   528 | D:1      | 528 ||| DROPPING +0 leather armour.
   529 | D:1      | 529 ||| UPGRADING to +0 cloak.
   534 | D:1      | 534 ||| UPGRADING to amulet of faith.
   539 | D:1      | 539 ||| READING scroll labelled DIMMIPRA YFFO.
   540 | D:1      | 540 ||| DRINKING 2 orange potions.
   541 | D:1      | 541 ||| DROPPING scroll of butterflies.
   542 | D:1      | 542 ||| DROPPING potion of brilliance.
   647 | D:2      | Reached skill level 6 in Ranged Weapons
   957 | D:2      | Found a burning altar of Makhleb.
  1329 | D:2      | 1329 ||| UPGRADING to +0 helmet.
  1334 | D:2      | 1334 ||| READING scroll labelled BEZETE HIZAAWO.
  1335 | D:2      | 1335 ||| READING scroll labelled XESCHO ORAEKA.
  1336 | D:2      | 1336 ||| READING scroll labelled JOBLOA DOSS.
  1337 | D:2      | 1337 ||| READING scroll labelled DUIDAL KAUGUITZ.
  1338 | D:2      | 1338 ||| READING scroll labelled DENECR GO CIT.
  1340 | D:2      | 1340 ||| Stepping ~*~*~tactically~*~*~ (cloud).
  1345 | D:2      | HP: 4/16 [poisoned by you (poison gas)]
  1453 | D:3      | Reached XP level 3. HP: 20/20 MP: 5/5
  1464 | D:3      | 1464 ||| FLEEEEING.
  1465 | D:3      | 1465 ||| FLEEEEING.
  1466 | D:3      | 1466 ||| FLEEEEING.
  1467 | D:3      | 1467 ||| FLEEEEING.
  1468 | D:3      | 1468 ||| FLEEEEING.
  1469 | D:3      | 1469 ||| FLEEEEING.
  1470 | D:3      | 1470 ||| STAIRDANCE
  1496 | D:3      | Noticed a scorpion
  1500 | D:3      | HP: 3/20 [scorpion (5)]
  1501 | D:3      | Succumbed to a scorpion's poison

Levels and vault maps discovered:
D:1:      eino_arrival_cavern_c, layout_rooms, lemuel_flame_loot_1
D:2:      layout_basic, basic_altar
D:3:      layout_basic, serial_shops, nicolae_shop_rolling_square

Skill      XL: |  1  2 |
---------------+-------+-----
Ranged Weapons | 6 |  6.7
Fighting       | |  1.5
Dodging        | |  2.4
Stealth        | |  1.2

Action                     || total
---------------------------++-------
   Fire: Shortbow          ||    86
    Use: Scroll            ||     6
         Potion            ||     1
 Armour: Leather armour    ||     1
         Ring mail         ||     7
  Dodge: Dodged            ||    15

Table legend:
 A = Non-vault XP
 B = Vault XP
 C = Vault XP percentage of total XP
 D = Non-vault monster count
 E = Vault monster count
 F = Vault count percentage of total count
                 A         B        C        D         E       F
            +---------+---------+-------+---------+---------+-------
      Total |      46 |       0 |   0.0 |      27 |       0 |   0.0
            +---------+---------+-------+---------+---------+-------
        D:1 |      12 |       0 |   0.0 |       8 |       0 |   0.0
        D:2 |      26 |       0 |   0.0 |      15 |       0 |   0.0
        D:3 |       8 |       0 |   0.0 |       4 |       0 |   0.0
            +---------+---------+-------+---------+---------+-------
